 Dungeon Crawl Stone Soup version 0.30.1-11-g7821555f0a (webtiles) character file.

Game seed: 4320660732739874589

130 KittyFluff the Cudgeller (level 5, -3/49 HPs)
             Began as a Gargoyle Berserker on Nov 8, 2023.
             Was a Believer of Trog.
             Slain by a gnoll
             ... wielding a +2 flail of protection
              (7 damage)
             ... on level 4 of the Dungeon.
             The game lasted 00:09:12 (1942 turns).

KittyFluff the Cudgeller (Gargoyle Berserker)       Turns: 1942, Time: 00:09:12

Health: -3/49      AC:  8    Str: 23    XL:     5   Next: 14%
Magic:  5/5        EV: 11    Int:  7    God:    Trog [**....]
Gold:   202        SH:  0    Dex:  9    Spells: 4/4 levels left

rFire   . . .        a - +0 mace
rCold   . . .        (no shield)
rNeg    + . .        h - +0 leather armour
rPois   ∞            (no helmet)
rElec   +            (no cloak)
rCorr   .            g - +0 pair of gloves
SInv    .            (no boots)
Will    .....        (no amulet) Stlth
                     (no ring)
HPRegen 0.28/turn    (no ring)
MPRegen 0.09/turn

%: no passive effects
@: berserking, very quick
A: sickness immunity, AC +4, negative energy resistance 1, electricity
resistance, torment resistance 1, petrification resistance
a: Renounce Religion, Berserk, Trog's Hand


You were on level 4 of the Dungeon.
You worshipped Trog.
Trog was pleased with you.
You visited 1 branch of the dungeon, and saw 4 of its levels.

You collected 202 gold pieces.

Inventory:

Hand Weapons
 a - a +0 mace (weapon)
 b - a +0 sling
Missiles
 i - 2 poisoned darts (quivered)
Armour
 g - a +0 pair of gloves (worn)
 h - a +0 leather armour (worn)
Wands
 q - a wand of iceblast (7)
Scrolls
 c - 2 scrolls of teleportation {unknown}
 d - 2 scrolls of summoning {unknown}
 f - 2 scrolls of amnesia {unknown}
 j - a scroll of enchant weapon {unknown}
 o - 2 scrolls of identify {unknown}
 p - a scroll of fear {unknown}
 r - 2 scrolls of vulnerability {unknown}
Potions
 e - a potion of heal wounds {unknown}
 k - 2 potions of magic {unknown}
 l - a potion of curing {unknown}
 m - 2 potions of invisibility {unknown}
 n - a potion of degeneration {unknown}


   Skills:
 + Level 3.8 Fighting
 * Level 4.0 Maces & Flails
 * Level 3.5 Armour
 + Level 2.0 Dodging
 + Level 1.8 Stealth


You had 4 spell levels left.
You didn't know any spells.
Your spell library was empty.

Dungeon Overview and Level Annotations

Branches:
Dungeon (4/15)
 Temple: D:4-7

Altars:

Annotations:
D:4 1 transporter


Innate Abilities, Weirdness & Mutations

You are immune to sickness and miasma.
Your stone body is resilient. (AC +4)
You are immune to poison.
You resist negative energy. (rN+)
You are resistant to electric shocks. (rElec)
You are resistant to unholy torment.
You are immune to petrification.


Message History

The gnoll hits you with a +2 flail of protection.
A scorpion comes into view.
You barely miss the gnoll.
The gnoll is moderately wounded.
The gnoll barely misses you.
You barely miss the gnoll.
The gnoll is moderately wounded.
The gnoll hits you with a +2 flail of protection.
The gnoll closely misses you. The gnoll hits you but does no damage.
The gnoll closely misses you.
You hit the gnoll.
The gnoll is moderately wounded.
The gnoll closely misses you.
The gnoll hits you from afar with a +0 spear.
You barely miss the gnoll.
The gnoll is moderately wounded.
The gnoll barely misses you. x2
You hit the gnoll.
The gnoll is severely wounded.
The gnoll hits you with a +2 flail of protection.
The gnoll hits you from afar with a +0 spear.
You hit the gnoll but do no damage.
The gnoll is severely wounded.
The gnoll hits you with a +2 flail of protection!
* * * LOW HITPOINT WARNING * * *
The gnoll barely misses you.
A red film seems to cover your vision as you go berserk!
You feel yourself moving faster!
You feel mighty!
The gnoll hits you with a +2 flail of protection.
* * * LOW HITPOINT WARNING * * *
The gnoll barely misses you.
You closely miss the gnoll.
The gnoll is severely wounded.
The gnoll hits you with a +2 flail of protection.
* * * LOW HITPOINT WARNING * * *
The gnoll hits you but does no damage.
You barely miss the gnoll.
The gnoll is severely wounded.
The gnoll hits you with a +2 flail of protection!
You die...

#.# #.# #.#
#.# #.# #.#
#.#
#.#####.####
#.sggg@....#
#...####.####
. #.# ..# .##
.# #


You could see a scorpion and 3 gnolls.

Vanquished Creatures
  An orc priest (D:3)
  3 adders
  2 worms
  A dart slug (D:1)
  3 orcs
  7 endoplasms
  A giant cockroach (D:1)
  4 goblins (D:2)
  4 hobgoblins
  9 jackals
  A quokka (D:1)
  8 ball pythons
  3 bats
  3 frilled lizards
  5 kobolds
  7 rats
62 creatures vanquished.

Notes
Turn   | Place    | Note
-------+----------+-------------------------------------------
     0 | D:1      | KittyFluff the Gargoyle Berserker began the quest for the
                  | Orb.
     0 | D:1      | Reached XP level 1. HP: 14/14 MP: 1/1
   215 | D:1      | Reached XP level 2. HP: 19/19 MP: 2/2
   359 | D:1      | Found a faded altar of an unknown god.
   593 | D:2      | Reached ** piety under Trog
   594 | D:2      | Reached XP level 3. HP: 23/23 MP: 3/3
   985 | D:2      | Reached skill level 1 in Stealth
  1285 | D:3      | Reached XP level 4. HP: 26/28 MP: 4/4
  1506 | D:3      | Reached XP level 5. HP: 32/33 MP: 5/5
  1563 | D:3      | Reached skill level 4 in Maces & Flails
  1839 | D:4      | Found a transporter.
  1942 | D:4      | Slain by a gnoll

Illustrated notes

Levels and vault maps discovered:
D:1:      scummos_arrival_simple_crosswalls, layout_rooms,
          hellmonk_ecumenical_altar_lost_god, minmay_hexomino_c4
D:2:      layout_loops_ring, grunt_ministairs_4
D:3:      layout_rooms
D:4:      gammafunk_wand_slinger, layout_basic, general_overflow_altar,
          grunt_ministairs_15

Skill      XL: |  1  2  3  4  5 |
---------------+----------------+-----
Stealth        | 1 |  1.8
Armour         | 3 |  3.5
Dodging        | 2 |  2.0
Maces & Flails | 4 |  4.0
Fighting       | |  3.8

Action                     |  1- 3 |  4- 6 || total
---------------------------+-------+-------++-------
  Melee: Mace              |   103 |    87 ||   190
         Punch             |     1 |     1 ||     2
 Invoke: Berserk           |       |     1 ||     1
 Armour: Animal skin       |    17 |       ||    17
         Leather armour    |    39 |    39 ||    78
  Dodge: Dodged            |    63 |    69 ||   132
